 Dungeon Crawl Stone Soup version 0.28-a0-1395-g4f6bc678fa (webtiles) character file.

Game seed: 9113155007622587442

4312 vineage the Warrior (level 10, -3/104 (108) HPs)
             Began as a Minotaur Fighter on Jan 4, 2022.
             Was an Elder of Okawaru.
             Slain by a wight (14 damage)
             ... on level 8 of the Dungeon.
             The game lasted 00:06:52 (6892 turns).

vineage the Warrior (Minotaur Fighter)              Turns: 6892, Time: 00:06:53

HP:   -3/104 (108)  AC: 12    Str: 21    XL:     10   Next: 11%
MP:   7/9           EV: 12    Int:  5    God:    Okawaru [****..]
Gold: 271           SH:  6    Dex: 14    Spells: 9/9 levels left

rFire   + . .      SeeInvis .   s - +2 morningstar (flame)
rCold   . . .      Faith    .   c - +0 buckler
rNeg    . . .      Spirit   .   b - +0 scale mail
rPois   .          Reflect  .   (helmet restricted)
rElec   .          Harm     .   o - +0 cloak
rCorr   .          Rampage  .   i - +1 pair of gloves
Will    .....                   (no boots)
Stlth   ++........              h - amulet of the acrobat
HPRegen 0.27/turn               j - ring of protection from fire
MPRegen 0.11/turn               (no ring)

@: heroic, lightly drained
A: horns 2, retaliatory headbutt
a: Renounce Religion, Heroism, Finesse


You were on level 8 of the Dungeon.
You worshipped Okawaru.
Okawaru was greatly pleased with you.
You visited 2 branches of the dungeon, and saw 9 of its levels.
You also visited: Ossuary.

You collected 271 gold pieces.

Inventory:

Hand Weapons
 a - a +1 flail of electrocution
 s - a +2 morningstar of flaming (weapon)
Missiles
 p - a throwing net (quivered)
Armour
 b - a +0 scale mail (worn)
 c - a +0 buckler (worn)
 i - a +1 pair of gloves (worn)
 o - a +0 cloak (worn)
Jewellery
 h - an amulet of the acrobat (around neck)
 j - a ring of protection from fire (left hand)
Scrolls
 e - a scroll of amnesia
 l - a scroll of enchant weapon
 t - 2 scrolls of magic mapping
 u - a scroll of enchant armour
 w - a scroll of identify
 x - a scroll of teleportation
Potions
 d - 2 potions of might
 f - a potion of magic
 g - a potion of cancellation
 m - a potion of haste
 n - 2 potions of brilliance {unknown}
 q - 2 potions of mutation {unknown}
 r - a potion of resistance {unknown}
 v - 2 potions of lignification {unknown}


   Skills:
 - Level 16.6(21.6) Fighting
 + Level 3.9(8.9) Maces & Flails
 + Level 4.7(9.7) Armour
 + Level 4.7(9.7) Shields


You had 9 spell levels left.
You didn't know any spells.
Your spell library contained the following spells:

 Spells                   Type           Power      Damage    Failure   Level
 Foxfire                  Conj/Fire      0%         2x1d4     77%         1
 Conjure Flame            Conj/Fire      0%         6-21      98%         3
 Inner Flame              Hex/Fire       0%         N/A       98%         3
 Flame Wave               Conj/Fire      0%         2d4       100%        4
 Blade Hands              Tmut           0%         N/A       100%        5
 Iron Shot                Conj/Erth      0%         9d1       100%        6
 Animate Armour           Summ/Erth      Unusable   N/A       N/A         4

Dungeon Overview and Level Annotations

Branches:
Dungeon (8/15)             Temple (1/1) D:5         Ossuary (visited)
   Lair: D:8-11

Altars:
Ashenzari
Cheibriados
Dithmenos
Elyvilon
Fedhas
Gozag
Hepliaklqana
Kikubaaqudgha
Makhleb
Okawaru
Ru
Sif Muna
Trog
Uskayaw
Vehumet
Wu Jian
The Shining One

Shops:
D:4 *

Annotations:
D:4 exclusion: statue
D:8 3 runed translucent doors


Innate Abilities, Weirdness & Mutations

You have a pair of horns on your head.
You reflexively headbutt those who attack you in melee.


Message History

The wight hits you from afar with a +6 halberd!
You are too injured to fight recklessly!
You are too injured to fight recklessly!
You are too injured to fight recklessly!
You are too injured to fight recklessly!
You are too injured to fight recklessly!
You are too injured to fight recklessly!
You are too injured to fight recklessly!
You are too injured to fight recklessly!
You are too injured to fight recklessly!
You are too injured to fight recklessly!
You are too injured to fight recklessly!
You are too injured to fight recklessly!
You are too injured to fight recklessly!
You are too injured to fight recklessly!
You are too injured to fight recklessly!
You are too injured to fight recklessly!
You barely miss the yak. The yak gores you!
The wight hits you but does no damage. The yak gores you!
You barely miss the yak. You headbutt the yak, but do no damage.
The wight hits you from afar with a +6 halberd.
* * * LOW HITPOINT WARNING * * *
The yak closely misses you. You furiously retaliate!
You headbutt the yak. You hit the yak. You burn the yak.
The yak is moderately wounded.
The wight barely misses you. The yak completely misses you.
The wight barely misses you.
You gain the combat prowess of a mighty hero.
The yak closely misses you. You furiously retaliate!
You headbutt the yak! The wight closely misses you.
You hit the yak but do no damage.
The yak is heavily wounded.
The yak gores you but does no damage.
The wight hits you from afar with a +6 halberd!
* * * LOW HITPOINT WARNING * * *
You feel drained.
* * * LOW HITPOINT WARNING * * *
You feel better. You block the yak's attack.
The wight hits you from afar with a +6 halberd!
You die...

#....+.....YY..
..#.u+........Y
#...u+..#
.#!#u#..#
#...u#..####..#
#######z.......
#z######.. #Y#
#@#######
#.......#
#######.# #.#
#.# #.# #.# #<#
###


You could see a yak and 2 wights.

Vanquished Creatures
  A two-headed ogre (D:7)
  A manticore (D:7)
  Maggie (D:6)
  A hornet (D:7)
  A wraith (D:7)
  5 yaks (D:8)
  2 steam dragons
  A water moccasin (D:7)
  An ice beast (D:5)
  A black bear (D:6)
  An orc warrior (D:7)
  2 ogres (D:6)
  A bullfrog (D:7)
  A scorpion (D:5)
  A wyvern zombie (D:7)
  2 water moccasin zombies
  A wyvern skeleton (D:7)
  3 wights (D:8)
  5 hounds
  Crazy Yiuf (D:4)
  A bullfrog zombie (D:5)
  2 gnoll shamans
  An orc priest (D:7)
  3 iguanas
  An orc wizard (D:4)
  2 killer bee zombies (D:7)
  A hound skeleton (D:5)
  2 mummies (Ossuary)
  5 gnolls (D:6)
  2 howler monkey skeletons (D:7)
  3 adders
  An ufetubus (D:4)
  6 adder zombies (Ossuary)
  An adder skeleton (D:4)
  A worm (D:2)
  9 orcs
  9 endoplasms
  2 giant cockroaches
  4 hobgoblins
  3 jackals (D:1)
  2 quokkas (D:1)
  6 ball pythons
  7 bats
  4 frilled lizards
  3 gnoll zombies (Ossuary)
  4 goblins
  5 hobgoblin zombies (Ossuary)
  6 kobolds
  3 kobold zombies (Ossuary)
  2 orc zombies (Ossuary)
  3 rats
137 creatures vanquished.

Vanquished Creatures (others)
  A water moccasin (D:7)
1 creature vanquished.

Grand Total: 138 creatures vanquished

Notes
Turn   | Place    | Note
-------+----------+-------------------------------------------
     0 | D:1      | vineage the Minotaur Fighter began the quest for the Orb.
     0 | D:1      | Reached XP level 1. HP: 19/19 MP: 0/0
    65 | D:1      | Reached skill level 4 in Fighting
    95 | D:1      | Reached XP level 2. HP: 28/28 MP: 1/1
   330 | D:1      | Found a faded altar of an unknown god.
   530 | D:1      | Reached skill level 5 in Fighting
   804 | D:2      | Reached XP level 3. HP: 36/36 MP: 2/2
   906 | D:2      | Found a blossoming altar of Fedhas.
  1421 | D:3      | Reached skill level 6 in Fighting
  1421 | D:3      | Reached XP level 4. HP: 40/44 MP: 3/3
  2019 | D:4      | Found a runed translucent door.
  2020 | D:4      | Noticed Crazy Yiuf
  2145 | D:4      | Found a sacrificial altar of Ru.
  2163 | D:4      | Found a radiant altar of Vehumet.
  2163 | D:4      | Noticed a charred statue
  2289 | D:4      | Found Gozag's Platinum Reserve.
  2289 | D:4      | Found an opulent altar of Gozag.
  2542 | D:4      | Found a hazy altar of Hepliaklqana.
  2855 | D:4      | Killed Crazy Yiuf
  2856 | D:4      | Reached skill level 7 in Fighting
  2856 | D:4      | Reached XP level 5. HP: 11/52 MP: 0/4
  3131 | D:5      | Entered Level 5 of the Dungeon
  3323 | D:5      | Reached skill level 8 in Fighting
  3356 | D:5      | Noticed an ice beast
  3363 | D:5      | Killed an ice beast
  3364 | D:5      | Reached XP level 6. HP: 54/62 MP: 5/5
  3587 | D:5      | Reached skill level 9 in Fighting
  3654 | D:5      | Found a staircase to the Ecumenical Temple.
  3669 | Temple   | Entered the Ecumenical Temple
  3720 | Temple   | Became a worshipper of Warmaster Okawaru
  3953 | D:5      | Reached XP level 7. HP: 71/71 MP: 6/6
  3991 | D:6      | Reached skill level 10 in Fighting
  4057 | D:6      | Found a sand-covered staircase.
  4073 | Ossuary  | Entered an ossuary
  4293 | D:6      | Noticed a steam dragon
  4492 | D:6      | Reached * piety under Okawaru
  4493 | D:6      | Reached skill level 11 in Fighting
  4516 | D:6      | Noticed Maggie
  4522 | D:6      | Killed Maggie
  4523 | D:6      | Reached skill level 12 in Fighting
  4523 | D:6      | Reached XP level 8. HP: 79/83 MP: 7/7
  4607 | D:6      | Reached ** piety under Okawaru
  5002 | D:7      | Reached skill level 13 in Fighting
  5002 | D:7      | Found a broken altar of Ashenzari.
  5305 | D:7      | Reached skill level 14 in Fighting
  5320 | D:7      | Noticed a manticore
  5327 | D:7      | HP: 4/89 [manticore (9)]
  5330 | D:7      | Killed a manticore
  5330 | D:7      | Reached *** piety under Okawaru
  5331 | D:7      | Reached XP level 9. HP: 4/96 MP: 5/8
  5848 | D:7      | Reached skill level 15 in Fighting
  5848 | D:7      | Received a gift from Okawaru
  5903 | D:7      | Noticed a two-headed ogre
  5910 | D:7      | Killed a two-headed ogre
  5911 | D:7      | Reached skill level 16 in Fighting
  6134 | D:7      | Reached **** piety under Okawaru
  6157 | D:7      | Paralysed by a hornet for 2 turns
  6159 | D:7      | HP: 4/101 [hornet (11)]
  6847 | D:8      | Found a runed translucent gate.
  6847 | D:8      | Found a runed translucent gate.
  6847 | D:8      | Found a runed translucent gate.
  6847 | D:8      | Noticed a green ugly thing
  6847 | D:8      | Noticed a white ugly thing
  6847 | D:8      | Noticed a red ugly thing
  6848 | D:8      | Noticed a brown ugly thing
  6872 | D:8      | Reached XP level 10. HP: 90/108 MP: 7/9
  6892 | D:8      | Slain by a wight

Illustrated notes

Levels and vault maps discovered:
D:1:      amcnicky_arrival_blooded_trapdoor, layout_rooms,
          hellmonk_ecumenical_altar_leap_of_faith
D:2:      layout_basic, basic_altar, interstate_on_off, st_stairs_7
D:3:      layout_rooms
D:4:      layout_loops_corners, nicolae_gozag_zags_fifth_avenue,
          mainiacjoe_overflow_surrounded_room, hangedman_ru_absence,
          vehumet_statue, minivault_1, chequers_arboretum,
          uniq_crazy_yiuf_cottage
D:5:      layout_loops_ring, minmay_temple_entry_gardened_gates,
          minmay_misc_feat_secret_circle
D:6:      layout_cave_pools, lightli_ossuary_entry_decrepit_ruins, uniq_maggie
D:7:      minmay_opposing_rooms, layout_loops_cross, zin_scriptorium,
          nicolae_ashenzari_skybound
D:8:      minmay_bubble_buster, layout_basic, serial_shops,
          nicolae_shop_hallway_plus,
          ploomutoo_gammafunk_ghost_potion_laboratory, grunt_decor_clamped
Temple:   nicolae_temple_hex_pool

Skill      XL: |  1  2  3  4  5  6  7  8  9 |
---------------+----------------------------+-----
Fighting       | 4 5 6 7 8 9 12 14 16 | 16.6
Maces & Flails | 3 |  3.9
Armour         | 4 |  4.7
Shields        | 4 |  4.7

Action                   |  1- 3 |  4- 6 |  7- 9 | 10-12 || total
-------------------------+-------+-------+-------+-------++-------
Melee: Flail             |    93 |    69 |    71 |       ||   233
       Headbutt          |    11 |    10 |    31 |     3 ||    55
       Morningstar       |       |       |    82 |    16 ||    98
Invok: Heroism           |       |       |     4 |     1 ||     5
  Use: Scroll            |       |     7 |     8 |       ||    15
       Potion            |       |       |     4 |     1 ||     5
Armor: Scale mail        |    49 |    27 |    68 |     2 ||   146
Dodge: Dodged            |    49 |    23 |   122 |    10 ||   204
Block: Buckler           |    28 |    13 |    40 |     7 ||    88

Table legend: (Time is in decaauts)
 A = Elapsed time spent in this place.
 B = Non-inter-level travel time spent in this place.
 C = Inter-level travel time spent in this place.
 D = Time resting spent in this place.
 E = Time spent auto-exploring this place.
 F = Levels seen in this place.
 G = Mean time per level.
                   A        B        C        D        E       F      G
               +--------+--------+--------+--------+--------+-----+--------+
         Total |   7019 |   6768 |    251 |   1066 |   4712 |  10 |  701.9 |
       Dungeon |   6720 |   6488 |    232 |   1066 |   4544 |   8 |  840.0 |
        Temple |     70 |     51 |     19 |      0 |     39 |   1 |   70.0 |
       Ossuary |    228 |    228 |      0 |      0 |    129 |   1 |  228.0 |
               +--------+--------+--------+--------+--------+-----+--------+

Top non-repeatable levels by time:
     D:7: 1916 daAuts
     D:4: 1360 daAuts
     D:2: 792 daAuts
     D:5: 790 daAuts
     D:6: 778 daAuts
     D:1: 562 daAuts
     D:3: 451 daAuts
 Ossuary: 228 daAuts
  Temple: 70 daAuts
     D:8: 67 daAuts
